Stars vs Blues

Created - Wednesday, February 17, 2016 at 01:18

Goals
1 2 3 T
Stars 0 1 0 1
Blues 3 0 2 5
Shots
1 2 3 T
Stars 7 4 9 20
Blues 7 10 12 29

1st period

1. Blues , Tomas Tatar 27 (Ryan Ellis) at 10:03
2. Blues , Tomas Tatar 28 (Scott Laughton) at 16:45
3. Blues , Hampus Lindholm 4 (Rick Nash, Jeremy Morin) at 19:38

Penalties :
Jeremy Morin (StL) for High sticking (Minor) at 6:33, Alex Petrovic (Dal) for Roughing (Minor) at 12:59

2nd period

4. Stars , Cory Conacher 3 (Alexander Wennberg) at 18:22

Penalties :
Johan Franzen (StL) for Hooking (Minor) at 10:26

3rd period

5. Blues , Sean Couturier 17 (Rick Nash, Josh Gorges) at 17:56
6. Blues , Brandon Saad 19 (Tomas Tatar) at 18:42

Penalties :
Scott Laughton (StL) for Tripping (Minor) at 9:36, Kris Letang (StL) for Hooking (Minor) at 13:41, Zdeno Chara (StL) for Tripping (Minor) at 18:53

Goalie Stats

Justin Peters (Dal), 24 saves from 29 shots - (0.828), L, 0-11-1, 60:00 minutes
Henrik Lundqvist (StL), 19 saves from 20 shots - (0.950), W, 32-15-6, 60:00 minutes

Players Stats for Stars

Player Name              G  A  P  +/- PIM S  H  SB GA TA FO     MP     PP MP  PK MP  
------------------------------------------------------------------------------------
Aaron Johnson            0  0  0  -1  0   0  2  1  0  1  0/0    11:58   0:00   0:34 
Alex Petrovic            0  0  0  -2  2   0  3  1  0  2  0/0    23:50   4:34   0:00 
Alexander Wennberg       0  1  1   1  0   0  2  1  2  1  7/13   18:09   3:09   0:00 
Alexandre Burrows        0  0  0  -1  0   0  1  0  1  0  0/0    10:28   0:00   0:00 
Brett Ritchie            0  0  0  -2  0   3  3  0  0  0  1/4    20:00   2:53   1:02 
Casey Cizikas            0  0  0  -2  0   2  0  1  0  0  11/14  18:55   2:36   0:38 
Cory Conacher            1  0  1   1  0   8  3  1  2  1  0/0    15:23   0:56   0:00 
Daniel Paille            0  0  0   1  0   0  0  0  1  0  2/2    20:33   5:18   0:57 
Erik Haula               0  0  0  -2  0   5  1  1  4  2  6/12   20:46   5:13   0:50 
Gabriel Bourque          0  0  0  -3  0   1  1  0  2  1  0/2    17:58   4:23   0:31 
Jamie Oleksiak           0  0  0  -1  0   0  1  0  1  0  0/0    24:59   4:28   1:25 
John Moore               0  0  0  -1  0   0  0  1  0  2  0/0    25:56   4:28   1:25 
Jonathan Drouin          0  0  0  -2  0   0  1  0  2  0  0/2    10:13   0:00   0:00 
Manny Malhotra           0  0  0   0  0   0  0  0  0  0  2/2     1:03   0:00   0:00 
Matt Tennyson            0  0  0  -2  0   0  1  2  1  3  0/0    24:25   4:34   0:34 
Mike Richards            0  0  0  -3  0   1  4  1  2  0  3/5    21:57   2:38   0:00 
Patrik Nemeth            0  0  0   0  0   0  0  0  0  0  0/0     0:00   0:00   0:00 
Ryan Wilson              0  0  0  -1  0   0  2  2  0  1  0/0    11:22   0:00   0:00 

Players Stats for Blues

Player Name              G  A  P  +/- PIM S  H  SB GA TA FO     MP     PP MP  PK MP  
------------------------------------------------------------------------------------
Anders Lee               0  0  0   0  0   1  1  0  0  0  5/15   16:31   1:07   0:00 
Artem Anisimov           0  0  0   0  0   1  1  0  0  0  8/16   19:28   0:53   4:31 
Brandon Saad             1  0  1   0  0   2  3  0  4  0  0/0    19:42   1:07   4:31 
Cam Atkinson             0  0  0   0  0   1  0  1  4  0  1/1    16:34   1:06   0:00 
Hampus Lindholm          1  0  1   1  0   1  0  0  1  0  0/0    19:11   0:00   4:16 
Jeremy Morin             0  1  1   4  2   0  3  0  0  0  1/2    19:23   0:52   0:00 
Johan Franzen            0  0  0   0  2   1  2  0  0  0  1/1    15:54   0:00   0:00 
Josh Gorges              0  1  1   2  0   0  0  2  0  3  0/0    24:54   0:00   4:16 
Kevan Miller             0  0  0   1  0   0  1  0  0  1  0/0     5:43   0:00   0:00 
Kris Letang              0  0  0   0  2   1  3  0  0  1  0/0    19:12   0:53   2:47 
Mark Fayne               0  0  0   2  0   1  0  0  0  2  0/0    12:43   0:00   0:00 
Rick Nash                0  2  2   2  0   3  0  1  8  0  0/0    19:13   0:52   4:31 
Ryan Ellis               0  1  1   2  0   0  3  0  0  1  0/0    16:52   1:06   2:48 
Scott Laughton           0  1  1   2  2   1  0  0  0  0  2/4     6:15   0:00   0:00 
Sean Couturier           1  0  1   2  0   6  5  0  0  2  6/16   19:13   0:52   4:31 
Steve Ott                0  0  0   0  0   0  0  0  0  0  0/0     0:22   0:00   0:00 
Tomas Tatar              2  1  3   2  0   10 0  0  4  0  0/1    20:09   1:07   0:00 
Zdeno Chara              0  0  0   0  2   0  1  1  0  1  0/0    19:29   0:00   3:57 

3 Stars

1 - Tomas Tatar (StL)
2 - Sean Couturier (StL)
3 - Cory Conacher (Dal)

Power Play

Stars - 0 on 5 Attempt(s) - 0.00%
Blues - 0 on 1 Attempt(s) - 0.00%

Penalty Kill

Stars - 1 on 1 Attempt(s) - 100.00% - Score 0 goal in Penalty Kill
Blues - 5 on 5 Attempt(s) - 100.00% - Score 0 goal in Penalty Kill

Team Stat

Stars - Hits : 25 - Faceoff Wins : 32 - Blocked Shots : 12 - Penalty Minutes : 2
Blues - Hits : 23 - Faceoff Wins : 24 - Blocked Shots : 5 - Penalty Minutes : 10

Official

Referees : Unknown
Linesman : Unknown

Game Notes

Manny Malhotra is injured at 1:03 of 1st period (Back Spasms)

Finance

Level 1 -- Attendance: 5643 (94.05%) -- Ticket Income $468,369
Level 2 -- Attendance: 4616 (92.32%) -- Ticket Income $221,568
Level 3 -- Attendance: 1966 (98.30%) -- Ticket Income $51,116
Level 4 -- Attendance: 4000 (100.00%) -- Ticket Income $56,000
Luxury Box -- Attendance: 1000 (100.00%) -- Ticket Income $170,000
Game was played at the Savis Center.
Total Attendance: 17225 (95.69%)
Total Ticket Income: $967,053
Other Income: $473,856
Total Income: $1,440,909

Stars

5 vs 5 Forward 
   Center                   Left Wing                Right Wing               Time % Phy DF OF 
 1 Manny Malhotra           Mike Richards            Brett Ritchie            35     1   2  2  
 2 Alexander Wennberg       Daniel Paille            Cory Conacher            30     1   2  2  
 3 Casey Cizikas            Erik Haula               Alexandre Burrows        22     1   2  2  
 4 Mike Richards            Gabriel Bourque          Jonathan Drouin          13     1   2  2  

5 vs 5 Defense 
   Defense                  Defense                                           Time % Phy DF OF 
 1 Jamie Oleksiak           John Moore                                        35     1   2  2  
 2 Alex Petrovic            Matt Tennyson                                     30     1   2  2  
 3 Ryan Wilson              John Moore                                        22     1   2  2  
 4 Aaron Johnson            Jamie Oleksiak                                    13     1   2  2  

PowerPlay Forward 
   Center                   Left Wing                Right Wing               Time % Phy DF OF 
 1 Brett Ritchie            Casey Cizikas            Gabriel Bourque          60     1   2  2  
 2 Erik Haula               Daniel Paille            Mike Richards            40     1   2  2  

PowerPlay Defense
   Defense                  Defense                                           Time % Phy DF OF 
 1 Jamie Oleksiak           John Moore                                        60     1   2  2  
 2 Alex Petrovic            Matt Tennyson                                     40     1   2  2  

Penalty Kill 4 Players Forward 
   Center                   Wing                     Time % Phy DF OF 
 1 Erik Haula               Brett Ritchie            60     1   2  2  
 2 Gabriel Bourque          Casey Cizikas            40     1   2  2  

Penalty Kill 4 Players Defense
   Defense                  Defense                  Time % Phy DF OF 
 1 Jamie Oleksiak           John Moore               60     1   2  2  
 2 Alex Petrovic            Matt Tennyson            40     1   2  2  

Penalty Kill - 3 Players Forward 
   Forward                                           Time % Phy DF OF 
 1 Casey Cizikas                                     60     1   2  2  
 2 Gabriel Bourque                                   40     1   2  2  

Penalty Kill - 3 Players Defense
   Defense                  Defense                  Time % Phy DF OF 
 1 Jamie Oleksiak           John Moore               60     1   2  2  
 2 Alex Petrovic            Matt Tennyson            40     1   2  2  

4 vs 4 Forward 
   Center                   Wing                     Time % Phy DF OF 
 1 Brett Ritchie            Erik Haula               60     1   2  2  
 2 Gabriel Bourque          Casey Cizikas            40     1   2  2  

4 vs 4 Defense
   Defense                  Defense                  Time % Phy DF OF 
 1 Jamie Oleksiak           John Moore               60     1   2  2  
 2 Alex Petrovic            Matt Tennyson            40     1   2  2  

Last Minutes Offensive
   Center                   Left Wing                Right Wing               Defense                  Defense                  
   Manny Malhotra           Mike Richards            Brett Ritchie            Jamie Oleksiak           John Moore               

Last Minutes Defensive
   Center                   Left Wing                Right Wing               Defense                  Defense                  
   Manny Malhotra           Mike Richards            Brett Ritchie            Jamie Oleksiak           John Moore               

Goaltenders
Starting : Justin Peters            
Backup : Pat Nagle                

Extra Forwards
Normal : Erik Haula, Gabriel Bourque, Brett Ritchie - PP : Erik Haula, Gabriel Bourque - PK : Gabriel Bourque
Extra Defensemen
Normal : Ryan Wilson, John Moore, Aaron Johnson - PP : Ryan Wilson - PK : Jamie Oleksiak, Aaron Johnson
Penalty Shots
Gabriel Bourque, Erik Haula, Brett Ritchie, Casey Cizikas, Mike Richards

Blues

5 vs 5 Forward 
   Center                   Left Wing                Right Wing               Time % Phy DF OF 
 1 Sean Couturier           Rick Nash                Jeremy Morin             32     0   2  3  
 2 Artem Anisimov           Tomas Tatar              Brandon Saad             32     0   2  3  
 3 Anders Lee               Johan Franzen            Cam Atkinson             22     0   2  3  
 4 Scott Laughton           Tomas Tatar              Jeremy Morin             14     0   2  3  

5 vs 5 Defense 
   Defense                  Defense                                           Time % Phy DF OF 
 1 Zdeno Chara              Kris Letang                                       33     0   3  2  
 2 Josh Gorges              Hampus Lindholm                                   31     0   3  2  
 3 Mark Fayne               Ryan Ellis                                        24     0   3  2  
 4 Kevan Miller             Josh Gorges                                       12     0   3  2  

PowerPlay Forward 
   Center                   Left Wing                Right Wing               Time % Phy DF OF 
 1 Sean Couturier           Rick Nash                Jeremy Morin             50     0   1  4  
 2 Anders Lee               Tomas Tatar              Brandon Saad             50     0   1  4  

PowerPlay Defense
   Defense                  Defense                                           Time % Phy DF OF 
 1 Artem Anisimov           Kris Letang                                       50     0   1  4  
 2 Cam Atkinson             Ryan Ellis                                        50     0   1  4  

Penalty Kill 4 Players Forward 
   Center                   Wing                     Time % Phy DF OF 
 1 Sean Couturier           Rick Nash                50     1   4  0  
 2 Artem Anisimov           Brandon Saad             50     1   4  0  

Penalty Kill 4 Players Defense
   Defense                  Defense                  Time % Phy DF OF 
 1 Zdeno Chara              Kris Letang              50     1   4  0  
 2 Josh Gorges              Hampus Lindholm          50     1   4  0  

Penalty Kill - 3 Players Forward 
   Forward                                           Time % Phy DF OF 
 1 Sean Couturier                                    50     1   4  0  
 2 Scott Laughton                                    50     1   4  0  

Penalty Kill - 3 Players Defense
   Defense                  Defense                  Time % Phy DF OF 
 1 Zdeno Chara              Kris Letang              50     1   4  0  
 2 Josh Gorges              Hampus Lindholm          50     1   4  0  

4 vs 4 Forward 
   Center                   Wing                     Time % Phy DF OF 
 1 Artem Anisimov           Jeremy Morin             50     1   2  2  
 2 Anders Lee               Brandon Saad             50     1   2  2  

4 vs 4 Defense
   Defense                  Defense                  Time % Phy DF OF 
 1 Mark Fayne               Kris Letang              50     1   2  2  
 2 Josh Gorges              Hampus Lindholm          50     1   2  2  

Last Minutes Offensive
   Center                   Left Wing                Right Wing               Defense                  Defense                  
   Sean Couturier           Rick Nash                Brandon Saad             Zdeno Chara              Kris Letang              

Last Minutes Defensive
   Center                   Left Wing                Right Wing               Defense                  Defense                  
   Sean Couturier           Rick Nash                Brandon Saad             Zdeno Chara              Kris Letang              

Goaltenders
Starting : Henrik Lundqvist         
Backup : Frederik Andersen        

Extra Forwards
Normal : Johan Franzen, Scott Laughton, Steve Ott - PP : Tomas Tatar, Cam Atkinson - PK : Steve Ott
Extra Defensemen
Normal : Mark Fayne, Ryan Ellis, Kevan Miller - PP : Mark Fayne - PK : Ryan Ellis, Kevan Miller
Penalty Shots
Rick Nash, Steve Ott, Kris Letang, Tomas Tatar, Cam Atkinson

% Time on Ice - Stars

Lines # - Real PCT - Wanted PCT - Time Play
Normal Forward
1 - 39% - 35% - 18:55
2 - 26% - 30% - 12:51
3 - 18% - 22% - 8:55
4 - 17% - 13% - 8:18
Normal Defense
1 - 21% - 35% - 10:17
2 - 39% - 30% - 19:17
3 - 22% - 22% - 10:35
4 - 18% - 13% - 8:50
PP Forward
1 - 42% - 60% - 3:49
2 - 58% - 40% - 5:13
PP Defense
1 - 49% - 60% - 4:28
2 - 51% - 40% - 4:34
PK Forward
1 - 100% - 60% - 1:59
2 - 0% - 40% - 0:00
PK Defense
1 - 71% - 60% - 1:25
2 - 29% - 40% - 0:34
PK3 Forward
1 - 0% - 60%
2 - 0% - 40%
PK3 Defense
1 - 0% - 60%
2 - 0% - 40%
44 Forward
1 - 0% - 60%
2 - 0% - 40%
44 Defense
1 - 0% - 60%
2 - 0% - 40%
Last Minute Offensive  - 0:00
Last Minute Defensive  - 0:00
Total
Forward - 60:00
Defense - 60:00

% Time on Ice - Blues

Lines # - Real PCT - Wanted PCT - Time Play
Normal Forward
1 - 28% - 32% - 13:50
2 - 29% - 32% - 14:05
3 - 31% - 22% - 15:24
4 - 12% - 14% - 5:40
Normal Defense
1 - 32% - 33% - 15:34
2 - 31% - 31% - 14:59
3 - 26% - 24% - 12:43
4 - 12% - 12% - 5:43
PP Forward
1 - 44% - 50% - 0:52
2 - 56% - 50% - 1:07
PP Defense
1 - 45% - 50% - 0:53
2 - 55% - 50% - 1:06
PK Forward
1 - 50% - 50% - 4:31
2 - 50% - 50% - 4:31
PK Defense
1 - 53% - 50% - 4:46
2 - 47% - 50% - 4:16
PK3 Forward
1 - 0% - 50%
2 - 0% - 50%
PK3 Defense
1 - 0% - 50%
2 - 0% - 50%
44 Forward
1 - 0% - 50%
2 - 0% - 50%
44 Defense
1 - 0% - 50%
2 - 0% - 50%
Last Minute Offensive  - 0:00
Last Minute Defensive  - 0:00
Total
Forward - 60:00
Defense - 60:00

Play by Play

1st period


0:01 of 1st period - Manny Malhotra wins face-off versus Sean Couturier in neutral zone.
0:06 of 1st period - Slapshot by Mike Richards.
0:06 of 1st period - Stopped by Henrik Lundqvist without a rebound.
0:07 of 1st period - Manny Malhotra wins face-off versus Sean Couturier in Blues zone.
0:38 of 1st period - Snap shot by Rick Nash.
0:38 of 1st period - Stopped by Justin Peters with a rebound.
1:02 of 1st period - Manny Malhotra is hit by Brandon Saad and loses puck.
1:03 of 1st period - Manny Malhotra from Stars is injured at 1:03 of 1st period (Back Spasms).
1:04 of 1st period - Alexander Wennberg wins face-off versus Anders Lee in Stars zone.
1:33 of 1st period - Slapshot by Cory Conacher.
1:33 of 1st period - Shot Blocked by Josh Gorges.
1:35 of 1st period - Slapshot by Matt Tennyson.
1:35 of 1st period - Deflect By Cory Conacher.
1:35 of 1st period - Stopped by Henrik Lundqvist without a rebound.
1:36 of 1st period - Casey Cizikas wins face-off versus Artem Anisimov in Blues zone.
2:16 of 1st period - Mark Fayne is hit by Erik Haula and loses puck.
2:37 of 1st period - Slapshot by Rick Nash.
2:37 of 1st period - Deflect By Gabriel Bourque.
2:37 of 1st period - Shot Blocked by Ryan Wilson.
2:37 of 1st period - Puck is out of play.
2:38 of 1st period - Sean Couturier wins face-off versus Mike Richards in Stars zone.
3:09 of 1st period - Snap shot by Mike Richards.
3:09 of 1st period - Shot Blocked by Rick Nash.
3:11 of 1st period - Slapshot by Aaron Johnson.
3:11 of 1st period - Shot Misses the Net.
3:44 of 1st period - Josh Gorges is hit by Cory Conacher.
3:51 of 1st period - Icing by Kevan Miller.
3:52 of 1st period - Cam Atkinson wins face-off versus Erik Haula in Blues zone.
3:57 of 1st period - Matt Tennyson is hit by Johan Franzen and loses puck.
4:06 of 1st period - Anders Lee is hit by Ryan Wilson and loses puck.
4:29 of 1st period - Josh Gorges is hit by Ryan Wilson.
5:00 of 1st period - Wrist shot by Tomas Tatar.
5:00 of 1st period - Deflect By Brandon Saad.
5:00 of 1st period - Shot Blocked by Matt Tennyson.
5:00 of 1st period - Puck is out of play.
5:01 of 1st period - Alexander Wennberg wins face-off versus Scott Laughton in Stars zone.
5:10 of 1st period - Snap shot by Tomas Tatar.
5:10 of 1st period - Stopped by Justin Peters with a rebound.
5:16 of 1st period - Snap shot by Tomas Tatar.
5:16 of 1st period - Deflect By Jeremy Morin.
5:16 of 1st period - Shot Misses the Net.
5:16 of 1st period - Puck is out of play.
5:17 of 1st period - Scott Laughton wins face-off versus Casey Cizikas in Stars zone.
6:04 of 1st period - Mark Fayne is hit by Cory Conacher.
6:20 of 1st period - Gabriel Bourque is hit by Sean Couturier and loses puck.
6:26 of 1st period - Off-side.
6:27 of 1st period - Mike Richards wins face-off versus Sean Couturier in neutral zone.
6:33 of 1st period - Minor Penalty to Jeremy Morin for High sticking.
6:34 of 1st period - Sean Couturier wins face-off versus Casey Cizikas in Blues zone.
7:01 of 1st period - Snap shot by Gabriel Bourque.
7:01 of 1st period - Deflect By Brett Ritchie.
7:01 of 1st period - Shot Misses the Net.
7:01 of 1st period - Puck is out of play.
7:02 of 1st period - Sean Couturier wins face-off versus Erik Haula in Blues zone.
8:33 of 1st period - Penalty to Jeremy Morin is over, Jeremy Morin is back on ice.
8:41 of 1st period - Snap shot by Gabriel Bourque.
8:41 of 1st period - Stopped by Henrik Lundqvist without a rebound.
8:42 of 1st period - Alexander Wennberg wins face-off versus Anders Lee in Blues zone.
8:57 of 1st period - Snap shot by Anders Lee.
8:57 of 1st period - Shot Misses the Net.
8:59 of 1st period - Slapshot by Zdeno Chara.
8:59 of 1st period - Deflect By Cam Atkinson.
8:59 of 1st period - Deflect By Alexander Wennberg.
8:59 of 1st period - Shot Blocked by Cory Conacher.
8:59 of 1st period - Puck is out of play.
9:00 of 1st period - Anders Lee wins face-off versus Alexander Wennberg in Stars zone.
9:27 of 1st period - Zdeno Chara is hit by Matt Tennyson and loses puck.
10:01 of 1st period - Slapshot by Ryan Ellis.
10:01 of 1st period - Shot Misses the Net.
10:03 of 1st period - Wrist shot by Tomas Tatar.
10:03 of 1st period - Goal by Tomas Tatar - Stars : 0 - Blues : 1.
10:04 of 1st period - Artem Anisimov wins face-off versus Gabriel Bourque in neutral zone.
10:49 of 1st period - Mike Richards is hit by Sean Couturier and loses puck.
11:46 of 1st period - Snap shot by Alexander Wennberg.
11:46 of 1st period - Shot Misses the Net.
11:48 of 1st period - Snap shot by Alexander Wennberg.
11:48 of 1st period - Shot Blocked by Zdeno Chara.
12:14 of 1st period - Kris Letang is hit by Mike Richards and loses puck.
12:27 of 1st period - Snap shot by Erik Haula.
12:27 of 1st period - Stopped by Henrik Lundqvist with a rebound.
12:59 of 1st period - Minor Penalty to Alex Petrovic for Roughing.
13:00 of 1st period - Erik Haula wins face-off versus Anders Lee in Stars zone.
13:32 of 1st period - Slapshot by Cam Atkinson.
13:32 of 1st period - Shot Misses the Net.
13:38 of 1st period - Snap shot by Sean Couturier.
13:38 of 1st period - Stopped by Justin Peters with a rebound.
14:59 of 1st period - Penalty to Alex Petrovic is over, Alex Petrovic is back on ice.
15:01 of 1st period - Alex Petrovic is hit by Jeremy Morin and loses puck.
16:11 of 1st period - Wrist shot by Cory Conacher.
16:11 of 1st period - Stopped by Henrik Lundqvist without a rebound.
16:12 of 1st period - Anders Lee wins face-off versus Alexander Wennberg in Blues zone.
16:19 of 1st period - Slapshot by Cory Conacher.
16:19 of 1st period - Stopped by Henrik Lundqvist without a rebound.
16:20 of 1st period - Anders Lee wins face-off versus Alexander Wennberg in Blues zone.
16:33 of 1st period - Snap shot by Cory Conacher.
16:33 of 1st period - Stopped by Henrik Lundqvist without a rebound.
16:34 of 1st period - Mike Richards wins face-off versus Jeremy Morin in Blues zone.
16:45 of 1st period - Snap shot by Tomas Tatar.
16:45 of 1st period - Goal by Tomas Tatar - Stars : 0 - Blues : 2.
16:46 of 1st period - Sean Couturier wins face-off versus Mike Richards in neutral zone.
16:59 of 1st period - Wrist shot by Sean Couturier.
16:59 of 1st period - Stopped by Justin Peters with a rebound.
17:01 of 1st period - Slapshot by Josh Gorges.
17:01 of 1st period - Shot Misses the Net.
17:46 of 1st period - Zdeno Chara is hit by Alexander Wennberg and loses puck.
18:25 of 1st period - Wrist shot by Sean Couturier.
18:25 of 1st period - Shot Blocked by Alex Petrovic.
18:41 of 1st period - Zdeno Chara is hit by Alexandre Burrows and loses puck.
18:53 of 1st period - Icing by Matt Tennyson.
18:54 of 1st period - Casey Cizikas wins face-off versus Anders Lee in Stars zone.
19:11 of 1st period - Josh Gorges is hit by Alex Petrovic.
19:36 of 1st period - Backhand shot by Rick Nash.
19:36 of 1st period - Shot Misses the Net.
19:38 of 1st period - Slapshot by Hampus Lindholm.
19:38 of 1st period - Goal by Hampus Lindholm - Stars : 0 - Blues : 3.
19:39 of 1st period - Artem Anisimov wins face-off versus Erik Haula in neutral zone.
Goals for this period are 0 for Stars vs 3 for Blues.
Shots for this period are 7 for Stars vs 7 for Blues.

2nd period


0:01 of 2nd period - Erik Haula wins face-off versus Artem Anisimov in neutral zone.
0:47 of 2nd period - Snap shot by Cory Conacher.
0:47 of 2nd period - Stopped by Henrik Lundqvist without a rebound.
0:48 of 2nd period - Daniel Paille wins face-off versus Sean Couturier in Blues zone.
1:14 of 2nd period - Zdeno Chara is hit by Cory Conacher and loses puck.
1:38 of 2nd period - Wrist shot by Cam Atkinson.
1:38 of 2nd period - Shot Misses the Net.
1:40 of 2nd period - Slapshot by Ryan Ellis.
1:40 of 2nd period - Deflect By Anders Lee.
1:40 of 2nd period - Stopped by Justin Peters with a rebound.
1:42 of 2nd period - Slapshot by Johan Franzen.
1:42 of 2nd period - Stopped by Justin Peters with a rebound.
3:06 of 2nd period - Snap shot by Rick Nash.
3:06 of 2nd period - Stopped by Justin Peters with a rebound.
3:08 of 2nd period - Slapshot by Mark Fayne.
3:08 of 2nd period - Shot Misses the Net.
3:24 of 2nd period - Snap shot by Tomas Tatar.
3:24 of 2nd period - Shot Misses the Net.
3:26 of 2nd period - Wrist shot by Scott Laughton.
3:26 of 2nd period - Shot Blocked by Alexander Wennberg.
3:28 of 2nd period - Snap shot by Scott Laughton.
3:28 of 2nd period - Shot Misses the Net.
3:30 of 2nd period - Snap shot by Scott Laughton.
3:30 of 2nd period - Stopped by Justin Peters with a rebound.
4:15 of 2nd period - Off-side.
4:16 of 2nd period - Erik Haula wins face-off versus Artem Anisimov in neutral zone.
4:21 of 2nd period - Wrist shot by Erik Haula.
4:21 of 2nd period - Stopped by Henrik Lundqvist without a rebound.
4:22 of 2nd period - Jeremy Morin wins face-off versus Erik Haula in Blues zone.
4:31 of 2nd period - Snap shot by Sean Couturier.
4:31 of 2nd period - Stopped by Justin Peters with a rebound.
5:33 of 2nd period - Slapshot by Kris Letang.
5:33 of 2nd period - Deflect By Tomas Tatar.
5:33 of 2nd period - Shot Blocked by Erik Haula.
5:33 of 2nd period - Puck is out of play.
5:34 of 2nd period - Casey Cizikas wins face-off versus Artem Anisimov in Stars zone.
6:11 of 2nd period - Jonathan Drouin is hit by Ryan Ellis and loses puck.
6:34 of 2nd period - Alexander Wennberg is hit by Kris Letang and loses puck.
7:48 of 2nd period - Slapshot by Rick Nash.
7:48 of 2nd period - Shot Misses the Net.
8:36 of 2nd period - Slapshot by Anders Lee.
8:36 of 2nd period - Shot Blocked by Casey Cizikas.
8:38 of 2nd period - Slapshot by Mark Fayne.
8:38 of 2nd period - Shot Blocked by John Moore.
8:48 of 2nd period - John Moore is hit by Sean Couturier and loses puck.
8:59 of 2nd period - Slapshot by Rick Nash.
8:59 of 2nd period - Deflect By Ryan Wilson.
8:59 of 2nd period - Shot Misses the Net.
8:59 of 2nd period - Puck is out of play.
9:00 of 2nd period - Alexander Wennberg wins face-off versus Sean Couturier in Stars zone.
9:00 of 2nd period - Alexander Wennberg is hit by Zdeno Chara.
9:34 of 2nd period - Snap shot by Tomas Tatar.
9:34 of 2nd period - Shot Misses the Net.
9:50 of 2nd period - Snap shot by Gabriel Bourque.
9:50 of 2nd period - Shot Misses the Net.
10:24 of 2nd period - Snap shot by Alexandre Burrows.
10:24 of 2nd period - Shot Blocked by Cam Atkinson.
10:26 of 2nd period - Minor Penalty to Johan Franzen for Hooking.
10:27 of 2nd period - Sean Couturier wins face-off versus Erik Haula in Blues zone.
10:47 of 2nd period - Daniel Paille is hit by Sean Couturier and loses puck.
11:07 of 2nd period - Josh Gorges is hit by Alex Petrovic and loses puck.
11:18 of 2nd period - Rick Nash is hit by Gabriel Bourque and loses puck.
12:17 of 2nd period - Snap shot by Sean Couturier.
12:17 of 2nd period - Stopped by Justin Peters with a rebound.
12:26 of 2nd period - Penalty to Johan Franzen is over, Johan Franzen is back on ice.
12:35 of 2nd period - Casey Cizikas is hit by Kris Letang and loses puck.
12:44 of 2nd period - Johan Franzen is hit by Brett Ritchie and loses puck.
13:37 of 2nd period - Snap shot by Tomas Tatar.
13:37 of 2nd period - Stopped by Justin Peters without a rebound.
13:38 of 2nd period - Mike Richards wins face-off versus Scott Laughton in Stars zone.
13:55 of 2nd period - Wrist shot by Jonathan Drouin.
13:55 of 2nd period - Shot Blocked by Josh Gorges.
14:53 of 2nd period - Cam Atkinson is hit by Aaron Johnson and loses puck.
15:17 of 2nd period - Kris Letang is hit by Jonathan Drouin and loses puck.
15:22 of 2nd period - Snap shot by Jonathan Drouin.
15:22 of 2nd period - Shot Misses the Net.
16:16 of 2nd period - Backhand shot by Tomas Tatar.
16:16 of 2nd period - Shot Blocked by Matt Tennyson.
16:18 of 2nd period - Slapshot by Ryan Ellis.
16:18 of 2nd period - Deflect By Tomas Tatar.
16:18 of 2nd period - Shot Misses the Net.
16:18 of 2nd period - Puck is out of play.
16:19 of 2nd period - Casey Cizikas wins face-off versus Artem Anisimov in Stars zone.
16:33 of 2nd period - Snap shot by Mike Richards.
16:33 of 2nd period - Shot Misses the Net.
17:19 of 2nd period - Mark Fayne is hit by Aaron Johnson and loses puck.
17:40 of 2nd period - Slapshot by Kris Letang.
17:40 of 2nd period - Stopped by Justin Peters with a rebound.
17:44 of 2nd period - Wrist shot by Rick Nash.
17:44 of 2nd period - Shot Misses the Net.
17:46 of 2nd period - Wrist shot by Kris Letang.
17:46 of 2nd period - Shot Blocked by Mike Richards.
17:48 of 2nd period - Slapshot by Kris Letang.
17:48 of 2nd period - Shot Blocked by Ryan Wilson.
17:50 of 2nd period - Slapshot by Sean Couturier.
17:50 of 2nd period - Stopped by Justin Peters without a rebound.
17:51 of 2nd period - Casey Cizikas wins face-off versus Sean Couturier in Stars zone.
18:11 of 2nd period - Wrist shot by Anders Lee.
18:11 of 2nd period - Deflect By Cam Atkinson.
18:11 of 2nd period - Shot Misses the Net.
18:11 of 2nd period - Puck is out of play.
18:12 of 2nd period - Alexander Wennberg wins face-off versus Anders Lee in Stars zone.
18:14 of 2nd period - Icing by Matt Tennyson.
18:15 of 2nd period - Alexander Wennberg wins face-off versus Anders Lee in Stars zone.
18:20 of 2nd period - Snap shot by Cory Conacher.
18:20 of 2nd period - Stopped by Henrik Lundqvist without a rebound.
18:21 of 2nd period - Alexander Wennberg wins face-off versus Artem Anisimov in Blues zone.
18:22 of 2nd period - Wrist shot by Cory Conacher.
18:22 of 2nd period - Goal by Cory Conacher - Stars : 1 - Blues : 3.
18:23 of 2nd period - Artem Anisimov wins face-off versus Jonathan Drouin in neutral zone.
18:31 of 2nd period - Off-side.
18:32 of 2nd period - Artem Anisimov wins face-off versus Jonathan Drouin in neutral zone.
19:29 of 2nd period - Wrist shot by Sean Couturier.
19:29 of 2nd period - Shot Misses the Net.
19:37 of 2nd period - Snap shot by Rick Nash.
19:37 of 2nd period - Stopped by Justin Peters without a rebound.
19:38 of 2nd period - Casey Cizikas wins face-off versus Anders Lee in Stars zone.
19:38 of 2nd period - Casey Cizikas is hit by Anders Lee.
Goals for this period are 1 for Stars vs 0 for Blues.
Shots for this period are 4 for Stars vs 10 for Blues.

3rd period


0:01 of 3rd period - Artem Anisimov wins face-off versus Alexander Wennberg in neutral zone.
0:21 of 3rd period - Wrist shot by Brandon Saad.
0:21 of 3rd period - Shot Misses the Net.
1:17 of 3rd period - Snap shot by Erik Haula.
1:17 of 3rd period - Shot Misses the Net.
1:19 of 3rd period - Snap shot by Alexandre Burrows.
1:19 of 3rd period - Deflect By Erik Haula.
1:19 of 3rd period - Stopped by Henrik Lundqvist without a rebound.
1:20 of 3rd period - Erik Haula wins face-off versus Anders Lee in Blues zone.
1:59 of 3rd period - Anders Lee is hit by Mike Richards and loses puck.
2:12 of 3rd period - Gabriel Bourque is hit by Kris Letang and loses puck.
2:41 of 3rd period - Wrist shot by Brandon Saad.
2:41 of 3rd period - Stopped by Justin Peters with a rebound.
2:53 of 3rd period - Slapshot by Tomas Tatar.
2:53 of 3rd period - Stopped by Justin Peters with a rebound.
3:03 of 3rd period - Slapshot by Brandon Saad.
3:03 of 3rd period - Shot Misses the Net.
3:13 of 3rd period - Wrist shot by Brandon Saad.
3:13 of 3rd period - Shot Misses the Net.
3:43 of 3rd period - Casey Cizikas is hit by Jeremy Morin and loses puck.
3:55 of 3rd period - Erik Haula is hit by Ryan Ellis and loses puck.
4:26 of 3rd period - Artem Anisimov is hit by Alex Petrovic.
4:30 of 3rd period - Alex Petrovic is hit by Brandon Saad and loses puck.
6:13 of 3rd period - Snap shot by Erik Haula.
6:13 of 3rd period - Shot Hit the Post.
6:25 of 3rd period - Wrist shot by Brett Ritchie.
6:25 of 3rd period - Stopped by Henrik Lundqvist without a rebound.
6:26 of 3rd period - Casey Cizikas wins face-off versus Tomas Tatar in Blues zone.
6:31 of 3rd period - Snap shot by Brett Ritchie.
6:31 of 3rd period - Stopped by Henrik Lundqvist without a rebound.
6:32 of 3rd period - Casey Cizikas wins face-off versus Anders Lee in Blues zone.
6:57 of 3rd period - Ryan Ellis is hit by Brett Ritchie.
7:16 of 3rd period - Slapshot by Jamie Oleksiak.
7:16 of 3rd period - Shot Misses the Net.
8:02 of 3rd period - Wrist shot by Brandon Saad.
8:02 of 3rd period - Shot Misses the Net.
8:04 of 3rd period - Slapshot by Josh Gorges.
8:04 of 3rd period - Shot Misses the Net.
8:08 of 3rd period - Snap shot by Brandon Saad.
8:08 of 3rd period - Shot Blocked by Aaron Johnson.
8:48 of 3rd period - Ryan Wilson is hit by Johan Franzen and loses puck.
9:03 of 3rd period - Snap shot by Tomas Tatar.
9:03 of 3rd period - Stopped by Justin Peters with a rebound.
9:05 of 3rd period - Snap shot by Artem Anisimov.
9:05 of 3rd period - Stopped by Justin Peters with a rebound.
9:07 of 3rd period - Slapshot by Mark Fayne.
9:07 of 3rd period - Stopped by Justin Peters with a rebound.
9:36 of 3rd period - Minor Penalty to Scott Laughton for Tripping.
9:37 of 3rd period - Artem Anisimov wins face-off versus Gabriel Bourque in Blues zone.
10:03 of 3rd period - Slapshot by Rick Nash.
10:03 of 3rd period - Deflect By Sean Couturier.
10:03 of 3rd period - Shot Misses the Net.
10:03 of 3rd period - Puck is out of play.
10:04 of 3rd period - Erik Haula wins face-off versus Sean Couturier in Stars zone.
11:21 of 3rd period - Snap shot by Erik Haula.
11:21 of 3rd period - Stopped by Henrik Lundqvist with a rebound.
11:27 of 3rd period - Slapshot by Erik Haula.
11:27 of 3rd period - Stopped by Henrik Lundqvist without a rebound.
11:28 of 3rd period - Erik Haula wins face-off versus Sean Couturier in Blues zone.
11:29 of 3rd period - Slapshot by Mike Richards.
11:29 of 3rd period - Shot Misses the Net.
11:36 of 3rd period - Penalty to Scott Laughton is over, Scott Laughton is back on ice.
11:43 of 3rd period - Snap shot by Brett Ritchie.
11:43 of 3rd period - Stopped by Henrik Lundqvist without a rebound.
11:44 of 3rd period - Anders Lee wins face-off versus Brett Ritchie in Blues zone.
11:49 of 3rd period - Wrist shot by Anders Lee.
11:49 of 3rd period - Shot Misses the Net.
11:51 of 3rd period - Slapshot by Mark Fayne.
11:51 of 3rd period - Deflect By Johan Franzen.
11:51 of 3rd period - Shot Misses the Net.
11:51 of 3rd period - Puck is out of play.
11:52 of 3rd period - Johan Franzen wins face-off versus Brett Ritchie in Stars zone.
11:56 of 3rd period - Icing by Alex Petrovic.
11:57 of 3rd period - Anders Lee wins face-off versus Brett Ritchie in Stars zone.
12:02 of 3rd period - Slapshot by Cam Atkinson.
12:02 of 3rd period - Stopped by Justin Peters with a rebound.
12:54 of 3rd period - Alexander Wennberg is hit by Sean Couturier and loses puck.
13:25 of 3rd period - Josh Gorges is hit by Mike Richards and loses puck.
13:41 of 3rd period - Minor Penalty to Kris Letang for Hooking.
13:42 of 3rd period - Artem Anisimov wins face-off versus Erik Haula in Blues zone.
14:21 of 3rd period - Zdeno Chara is hit by Brett Ritchie.
14:33 of 3rd period - Jamie Oleksiak is hit by Brandon Saad and loses puck.
15:09 of 3rd period - Mike Richards is hit by Ryan Ellis and loses puck.
15:16 of 3rd period - Ryan Ellis is hit by Mike Richards and loses puck.
15:35 of 3rd period - Alex Petrovic is hit by Artem Anisimov and loses puck.
15:41 of 3rd period - Penalty to Kris Letang is over, Kris Letang is back on ice.
15:57 of 3rd period - Off-side.
15:58 of 3rd period - Scott Laughton wins face-off versus Alexander Wennberg in neutral zone.
16:01 of 3rd period - Alexandre Burrows is hit by Jeremy Morin and loses puck.
16:16 of 3rd period - Snap shot by Tomas Tatar.
16:16 of 3rd period - Stopped by Justin Peters with a rebound.
16:18 of 3rd period - Slapshot by Josh Gorges.
16:18 of 3rd period - Deflect By Tomas Tatar.
16:18 of 3rd period - Stopped by Justin Peters without a rebound.
16:19 of 3rd period - Casey Cizikas wins face-off versus Anders Lee in Stars zone.
16:19 of 3rd period - Casey Cizikas is hit by Kevan Miller.
16:29 of 3rd period - Snap shot by Mike Richards.
16:29 of 3rd period - Shot Misses the Net.
16:54 of 3rd period - Cam Atkinson is hit by Alexander Wennberg and loses puck.
17:30 of 3rd period - Snap shot by Tomas Tatar.
17:30 of 3rd period - Stopped by Justin Peters with a rebound.
17:32 of 3rd period - Slapshot by Zdeno Chara.
17:32 of 3rd period - Shot Misses the Net.
17:34 of 3rd period - Wrist shot by Scott Laughton.
17:34 of 3rd period - Shot Misses the Net.
17:56 of 3rd period - Wrist shot by Sean Couturier.
17:56 of 3rd period - Goal by Sean Couturier - Stars : 1 - Blues : 4.
17:57 of 3rd period - Casey Cizikas wins face-off versus Artem Anisimov in neutral zone.
18:08 of 3rd period - Snap shot by Tomas Tatar.
18:08 of 3rd period - Stopped by Justin Peters without a rebound.
18:09 of 3rd period - Casey Cizikas wins face-off versus Artem Anisimov in Stars zone.
18:16 of 3rd period - Snap shot by Casey Cizikas.
18:16 of 3rd period - Stopped by Henrik Lundqvist without a rebound.
18:17 of 3rd period - Artem Anisimov wins face-off versus Casey Cizikas in Blues zone.
18:26 of 3rd period - Snap shot by Brandon Saad.
18:26 of 3rd period - Shot Misses the Net.
18:42 of 3rd period - Snap shot by Brandon Saad.
18:42 of 3rd period - Goal by Brandon Saad - Stars : 1 - Blues : 5.
18:43 of 3rd period - Daniel Paille wins face-off versus Sean Couturier in neutral zone.
18:50 of 3rd period - Slapshot by Alexander Wennberg.
18:50 of 3rd period - Deflect By Cory Conacher.
18:50 of 3rd period - Stopped by Henrik Lundqvist without a rebound.
18:51 of 3rd period - Sean Couturier wins face-off versus Alexander Wennberg in Blues zone.
18:53 of 3rd period - Minor Penalty to Zdeno Chara for Tripping.
18:54 of 3rd period - Brett Ritchie wins face-off versus Sean Couturier in Blues zone.
18:58 of 3rd period - Wrist shot by Casey Cizikas.
18:58 of 3rd period - Stopped by Henrik Lundqvist with a rebound.
19:00 of 3rd period - Wrist shot by Casey Cizikas.
19:00 of 3rd period - Shot Misses the Net.
19:14 of 3rd period - Artem Anisimov is hit by Jamie Oleksiak and loses puck.
Goals for this period are 0 for Stars vs 2 for Blues.
Shots for this period are 9 for Stars vs 12 for Blues.